 Dungeon Crawl Stone Soup version 0.27.1-1-g398f81649c (webtiles) character file.

Game seed: 7778310270860849949

1549 zdrol the Carver (level 8, -2/99 HPs)
             Began as a Minotaur Fighter on Sept 7, 2021.
             Killed from afar by a steam dragon (14 damage)
             ... with a ball of steam
             ... on level 7 of the Dungeon.
             The game lasted 00:21:45 (5098 turns).

zdrol the Carver (Minotaur Fighter)                 Turns: 5098, Time: 00:21:46

Health: -2/99      AC: 12    Str: 23    XL:     8   Next: 57%
Magic:  7/7        EV:  6    Int:  5    God:
Gold:   193        SH: 11    Dex: 16    Spells: 7/7 levels left

rFire    . . .     SeeInvis +   y - +9 sword of Zonguldrok {reap}
rCold    . . .     Faith    .   c - +0 kite shield
rNeg     . . .     Spirit   .   f - +0 chain mail
rPois    .         Reflect  .   (helmet restricted)
rElec    .         Harm     .   (no cloak)
rCorr    .         Rampage  .   j - +0 pair of gloves
Will     .....                  g - +0 pair of boots
Stlth    ..........             v - amulet of regeneration
HPRegen  1.26/turn              k - ring of see invisible
MPRegen  0.10/turn              A - +6 ring of dexterity

@: berserking, marked, studying Shields, very quick
A: horns 2, retaliatory headbutt
a: no special abilities


You were on level 7 of the Dungeon.
You visited 1 branch of the dungeon, and saw 8 of its levels.

You collected 193 gold pieces.

Inventory:

Hand Weapons
 a - a +0 flail
 o - a +1 hand axe of freezing
 t - a +2 mace of protection
 y - the +9 sword of Zonguldrok (weapon) {reap}
   (You found it on level 6 of the Dungeon)

   Any living foe damaged by it may be reanimated upon death as a zombie
   friendly to the wielder, with an increasing chance as more damage is dealt.
Missiles
 h - 14 poisoned darts (quivered)
 B - a throwing net
Armour
 c - a +0 kite shield (worn)
 f - a +0 chain mail (worn)
 g - a +0 pair of boots (worn)
 j - a +0 pair of gloves (worn)
Jewellery
 k - a ring of see invisible (left hand)
 m - a +4 ring of evasion
 s - an amulet of guardian spirit
 v - an amulet of regeneration (around neck)
 A - a +6 ring of dexterity (right hand)
Wands
 q - a wand of acid (5)
Scrolls
 u - 2 scrolls of teleportation
 z - 2 scrolls of identify {unknown}
Potions
 d - 2 potions of might
 e - a potion of attraction {unknown}
 i - 2 potions of resistance {unknown}
 l - a potion of mutation {unknown}
 n - 2 potions of lignification {unknown}
 p - 2 potions of brilliance {unknown}
 r - a potion of flight {unknown}
 w - a potion of degeneration {unknown}
 x - 2 potions of curing {unknown}


   Skills:
 - Level 4.2 Fighting
 * Level 9.7 Long Blades
 - Level 1.0(4.2) Axes
 - Level 6.6(6.7) Maces & Flails
 - Level 4.4 Armour
 - Level 0.1 Stealth
 - Level 6.4 Shields


You had 7 spell levels left.
You didn't know any spells.
Your spell library contained the following spells:

 Spells                   Type           Power      Damage    Failure   Level
 Slow                     Hex            0%         N/A       100%        2
 Confusing Touch          Hex            0%         N/A       100%        3
 Gell's Gravitas          Tloc           0%         N/A       100%        3
 Lesser Beckoning         Tloc           0%         N/A       100%        3
 Teleport Other           Tloc           0%         N/A       100%        3
 Yara's Violent Unravell  Hex/Tmut       0%         3d3       100%        5


Dungeon Overview and Level Annotations

Branches:
Dungeon (8/15)             Temple (0/1) D:4
   Lair: D:8-11

Altars:
Makhleb
Trog
Uskayaw

Shops:
D:1 (

Annotations:
D:7 exclusion: oklob plant


Innate Abilities, Weirdness & Mutations

You have a pair of horns on your head.
You reflexively headbutt those who attack you in melee.


Message History

You feel a strong urge to attack something.
The centaur unwields a +0 shortbow.
The centaur hits you but does no damage.
You block the centaur's attack.
Your chain mail prevents you from hitting the centaur.
You headbutt the centaur!
The centaur is heavily wounded.
The centaur hits you but does no damage.
The centaur kicks you but does no damage.
An orc comes into view. It is wielding a +0 hand axe.
You slash the centaur!
You kill the centaur!
The steam dragon barely misses you. You block the steam dragon's attack.
An orc comes into view. It is wielding a +0 dagger.
Your shield prevents you from hitting the centaur zombie.
You headbutt the centaur zombie.
The centaur zombie is heavily damaged.
The howler monkey skeleton completely misses you.
The steam dragon bites you but does no damage.
The steam dragon claws you but does no damage.
The centaur zombie closely misses you. You furiously retaliate!
You headbutt the centaur zombie. You block the centaur zombie's attack.
You hit the centaur zombie.
Your headbutt misses the centaur zombie.
The centaur zombie is severely damaged.
The howler monkey skeleton hits you but does no damage.
The centaur zombie hits you but does no damage.
You block the centaur zombie's attack. The steam dragon barely misses you.
You riposte.
You hit the steam dragon.
The steam dragon is severely wounded.
The steam dragon claws you but does no damage.
You slice the centaur zombie!!
You destroy the centaur zombie!
An orc comes into view. It is wielding a +0 dagger.
The steam dragon bites you but does no damage.
The steam dragon claws you but does no damage.
The steam dragon breathes steam at you.
The ball of steam hits the steam dragon.
The steam dragon resists.
The ball of steam hits you!
You die...

..#.# ...#. #..#. ...###
..#.# #....# ........ #.#.#
#....# #. ......... #<..#
#....## #. ......#.#o###..#
#.....# #.
.........oo..D§###.....# #.
...........yyoZD@)...#.######
#.
.......##....y.y............#
#.
.......##.####.o###.##.####.#
#. <......# ##.# #.##.#..#(#
#. .......# #.#
#.##.#..#.####. .......# #..
#.##.#..#.#.... ......## ##.
#.##.#....#.##. #######
#.##.##.##.#.#.##.
..#.##....#<.....


You could see 2 steam dragons, 4 killer bees, 5 orcs and a howler monkey
skeleton.

Vanquished Creatures
  Prince Ribbit (D:6)
  A wyvern (D:6)
  A water moccasin (D:7)
  2 necrophages
  A black bear (D:6)
  A centaur (D:7)
  A bullfrog (D:6)
  4 scorpions
  A water moccasin skeleton (D:6)
  A bullfrog zombie (D:6)
  A centaur zombie (D:7)
  3 jellies
  3 hounds
  A bullfrog skeleton (D:5)
  A gnoll shaman (D:6)
  An iguana (D:7)
  A howler monkey skeleton (D:4)
  2 adders
  3 gnolls (D:6)
  A worm (D:3)
  4 dart slugs
  6 orcs
  6 ball pythons
  18 endoplasms
  6 giant cockroaches
  7 goblins
  8 hobgoblins
  8 kobolds
  A quokka (D:2)
  6 bats
  4 frilled lizards
  8 rats
113 creatures vanquished.

Vanquished Creatures (others)
  9 fungi (D:7)
9 creatures vanquished.

Grand Total: 122 creatures vanquished

Notes
Turn   | Place    | Note
-------+----------+-------------------------------------------
     0 | D:1      | zdrol the Minotaur Fighter began the quest for the Orb.
     0 | D:1      | Reached XP level 1. HP: 19/19 MP: 0/0
   146 | D:1      | Reached XP level 2. HP: 27/27 MP: 1/1
   728 | D:1      | Found Lezap's Weapon Emporium.
   872 | D:2      | Found a burning altar of Makhleb.
   954 | D:2      | Reached XP level 3. HP: 31/33 MP: 2/2
  1091 | D:2      | Identified a scroll of acquirement
  1091 | D:2      | Acquired a manual of Shields
  2194 | D:3      | Found a hide-covered altar of Uskayaw.
  2326 | D:3      | Reached XP level 4. HP: 40/40 MP: 3/3
  2790 | D:5      | Entered Level 5 of the Dungeon
  2790 | D:5      | Noticed a sky beast
  2849 | D:4      | Reached skill level 1 in Axes
  2849 | D:4      | Reached skill level 5 in Shields
  2872 | D:4      | Found a staircase to the Ecumenical Temple.
  3339 | D:4      | Noticed a scorpion
  3346 | D:4      | Killed a scorpion
  3347 | D:4      | Reached XP level 5. HP: 46/46 MP: 4/4
  3468 | D:4      | Noticed a necrophage
  3477 | D:4      | Killed a necrophage
  3478 | D:4      | Reached skill level 5 in Maces & Flails
  3478 | D:4      | Reached XP level 6. HP: 51/52 MP: 5/5
  3839 | D:6      | Found the +9 sword of Zonguldrok {reap}
  3953 | D:6      | Reached skill level 1 in Long Blades
  3955 | D:6      | Noticed Prince Ribbit
  3955 | D:6      | Noticed a wyvern
  3960 | D:6      | Killed a wyvern
  3961 | D:6      | Reached skill level 3 in Long Blades
  3961 | D:6      | Reached XP level 7. HP: 36/59 MP: 6/6
  3964 | D:6      | Killed Prince Ribbit
  3965 | D:6      | Reached skill level 5 in Long Blades
  4049 | D:7      | Noticed a steam dragon
  4096 | D:6      | Reached skill level 6 in Long Blades
  4159 | D:6      | Reached skill level 7 in Long Blades
  4159 | D:6      | Reached XP level 8. HP: 65/66 MP: 7/7
  4339 | D:6      | Reached skill level 8 in Long Blades
  4511 | D:6      | Found a bloodstained altar of Trog.
  4934 | D:7      | Reached skill level 9 in Long Blades
  4993 | D:7      | Noticed an oklob plant
  5091 | D:7      | HP: 3/66 [centaur/arrow (11)]
  5098 | D:7      | Killed from afar by a steam dragon

Illustrated notes

Levels and vault maps discovered:
D:1:      dpeg_arrival_leaves_temple_mockup, layout_basic, serial_shops, shop
D:2:      layout_loops_ring, basic_altar, ebering_dispersal_statue_hall
D:3:      layout_basic, eat_drink_and_be_merry_uskayaw
D:4:      layout_loops_ring, temple_pool_b, kennysheep_nondescript
D:5:      kennysheep_windowed_halls, layout_layer_cave, st_stairs_2
D:6:      layout_cave_pods, trog_hazing_becter, uniq_prince_ribbit1
D:7:      lemuel_slime, layout_basic, minmay_manual_moon
D:8:      layout_gridville, ebering_ghost_funeral_grove,
          nicolae_inconvenience_store, minmay_ruffians

Skill      XL: |  1  2  3  4  5  6  7  8 |
---------------+-------------------------+-----
Shields        | 4 5 6 |  6.4
Fighting       | 4 |  4.2
Armour         | 4 |  4.4
Maces & Flails | 3 4 5 6 |  6.6
Axes           | 1 |  1.0
Long Blades    | 3 7 9 |  9.7
Stealth        | |  0.1

Action                   |  1- 3 |  4- 6 |  7- 9 || total
-------------------------+-------+-------+-------++-------
Melee: Flail             |    96 |    11 |       ||   107
       Headbutt          |    18 |    16 |    11 ||    45
       Hand axe          |       |    12 |       ||    12
       Mace              |       |    28 |       ||    28
       Double sword      |       |     4 |    55 ||    59
Throw: Dart              |       |       |     1 ||     1
  Use: Scroll            |     3 |     2 |     1 ||     6
       Potion            |       |       |     1 ||     1
Armor: Scale mail        |     7 |       |       ||     7
       Chain mail        |    66 |    24 |    43 ||   133
Dodge: Dodged            |    20 |    26 |    19 ||    65
Block: Kite shield       |    38 |    29 |    38 ||   105
       Rpst.: Double sword |       |     1 |     6 ||     7
